[Event "Titled Tuesday Blitz May 25 2021"]
[White "Ibrahimli, Murad"]
[Black "Tejedor Fuente, Enrique"]
[WhiteFideId "13410229"]
[BlackFideId "2299100"]
[WhiteElo "2756"]
[BlackElo "2582"]
[Result "0-1"]
[Round "05"]
[TimeControl "180+1"]
[Date "2021.05.25"]
[WhiteClock "0:00:06"]
[BlackClock "0:00:08"]

1. c4 e5 2. Nc3 Nc6 3. g3 g6 4. Bg2 Bg7 5. e3 d6 6. Nge2 Be6 7. d3 Qd7 8. h3 Nge7 9. Nd5 O-O 10. Nec3 Nd8 11. Nxe7+ Qxe7 12. O-O Qd7 13. Kh2 a6 14. f4 Rc8 15. Nd5 f5 16. Bd2 exf4 17. Nxf4 Bxb2 18. Rb1 Bg7 19. Nxe6 Nxe6 20. Bxb7 Rb8 21. Bd5 c6 22. Qa4 Rbc8 23. Rb6 Kh8 24. Rxc6 Nc5 25. Qc2 Rxc6 26. Bxc6 Qxc6 27. Bc3 Rb8 28. e4 Qd7 29. exf5 gxf5 30. Rf2 Bxc3 31. Qxc3+ Qg7 32. Qd2 Rg8 33. Qe3 Qe5 34. Qf3 Ne6 35. h4 Nd4 36. Qf4 Qxf4 37. Rxf4 Rg4 38. Rf2 Kg7 39. Rb2 Nf3+ 40. Kh3 Rd4 41. Rb6 Rxd3 42. Rxa6 Ne5 43. Ra7+ Kg6 44. Kg2 Nxc4 45. Rc7 Rd2+ 46. Kf3 Ne5+ 47. Ke3 Rxa2 48. Rb7 h6 49. Rb6 Kh5 50. Rb7 Ra3+ 51. Kf2 Ng4+ 52. Kg2 Ra2+ 53. Kg1 Nf6 54. Rf7 Kg6 55. Rf8 d5 56. Rd8 Rd2 57. Rd6 d4 58. Kf1 f4 59. g4 Kf7 60. g5 hxg5 61. hxg5 Ne4 62. Rd5 Ng3+ 63. Ke1 Re2+ 64. Kd1 Re4 65. Kd2 f3 66. Rd7+ Kg6 67. Rd8 f2 68. Rf8 0-1


[Site "https://www.chess.com"]

[Event "Titled Tuesday Blitz May 25 2021"]
[White "Injac, Teodora"]
[Black "Annaberdiyev, Babageldi"]
[WhiteFideId "932400"]
[BlackFideId "14000385"]
[WhiteElo "2560"]
[BlackElo "2749"]
[Result "0-1"]
[Round "05"]
[TimeControl "180+1"]
[Date "2021.05.25"]
[WhiteClock "0:00:05"]
[BlackClock "0:01:37"]

1. d4 Nf6 2. c4 g6 3. Nc3 Bg7 4. e4 d6 5. Nf3 O-O 6. Be2 e5 7. O-O Nc6 8. d5 Ne7 9. Bg5 Ne8 10. Nd2 h6 11. Be3 f5 12. f3 f4 13. Bf2 g5 14. b4 h5 15. c5 Rf6 16. Kh1 Rg6 17. g3 g4 18. Nc4 h4 19. fxg4 hxg3 20. hxg3 Nf6 21. cxd6 cxd6 22. Kg2 Nxg4 23. Bf3 Nxf2 24. Kxf2 Rxg3 25. Rg1 Ng6 26. Ne2 Qh4 27. Nxg3 Qh2+ 28. Kf1 Bh3+ 29. Bg2 fxg3 30. Bxh3 Qf2# 0-1


[Site "https://www.chess.com"]

[Event "Titled Tuesday Blitz May 25 2021"]
[White "Isajevsky, Anton"]
[Black "Yuan, Qingyu"]
[WhiteFideId "4142500"]
[BlackFideId "8609772"]
[WhiteElo "2571"]
[BlackElo "2757"]
[Result "1/2-1/2"]
[Round "05"]
[TimeControl "180+1"]
[Date "2021.05.25"]
[WhiteClock "0:00:05"]
[BlackClock "0:00:08"]

1. c4 Nf6 2. Nc3 e5 3. Nf3 Nc6 4. e3 Bb4 5. Nd5 Bc5 6. Qc2 a5 7. a3 d6 8. b3 Nxd5 9. cxd5 Ne7 10. Nxe5 Nxd5 11. Nf3 O-O 12. Bb2 Bg4 13. Bd3 Nf6 14. O-O Bh5 15. Rac1 Bg6 16. Bxg6 hxg6 17. d4 Bb6 18. e4 Re8 19. Rfe1 Qd7 20. h3 Re7 21. Ng5 Rae8 22. e5 Qb5 23. Qc4 Qxc4 24. bxc4 dxe5 25. c5 Ba7 26. dxe5 c6 27. Ne4 Nxe4 28. Rxe4 Rd8 29. f4 Rd3 30. Rd4 Rb3 31. Rc2 Rb5 32. Rdc4 Rd7 33. Kf2 Rd5 34. Bd4 Rxd4 35. Rxd4 Bxc5 36. Rxc5 Rxc5 37. Rd8+ Kh7 38. Rd7 Kg8 39. Rxb7 Rc3 40. a4 Rc4 41. Kf3 Rxa4 42. Rb6 Rc4 43. Ra6 a4 44. Ra8+ Kh7 45. h4 f6 46. e6 Rc3+ 47. Kf2 Rc2+ 48. Kf1 Rc1+ 49. Kf2 Rc2+ 50. Kf3 Rc3+ 51. Kf2 Rc2+ 1/2-1/2


[Site "https://www.chess.com"]

[Event "Titled Tuesday Blitz May 25 2021"]
[White "Jamshidi, Amir Hossein"]
[Black "Remolar Gallen, Jose"]
[WhiteFideId "12552941"]
[BlackFideId "2215187"]
[WhiteElo "2280"]
[BlackElo "2203"]
[Result "1-0"]
[Round "05"]
[TimeControl "180+1"]
[Date "2021.05.25"]
[WhiteClock "0:01:18"]
[BlackClock "0:00:01"]

1. d4 Nf6 2. Bg5 d5 3. e3 Bf5 4. c4 c6 5. Nc3 e6 6. Qb3 Qb6 7. c5 Qc7 8. Bf4 Qc8 9. h3 Be7 10. Nf3 O-O 11. Nh4 Bg6 12. Nxg6 hxg6 13. Be2 Nbd7 14. Qd1 b6 15. b4 a5 16. a3 Qb7 17. O-O axb4 18. axb4 Rxa1 19. Qxa1 Ra8 20. Qc1 bxc5 21. bxc5 Bd8 22. Qc2 Ba5 23. Rb1 Qc8 24. Na4 Ne4 25. Bd3 f5 26. Nb6 Bxb6 27. cxb6 Qb7 28. Bc7 Nb8 29. Rc1 Ra3 30. Bxe4 fxe4 31. Qc5 Rb3 32. Qe7 Na6 33. Qxe6+ Kh7 34. Rxc6 Nb4 35. Qxg6+ 1-0


[Site "https://www.chess.com"]

[Event "Titled Tuesday Blitz May 25 2021"]
[White "Jobava, Baadur"]
[Black "Weetik, Vjacheslav"]
[WhiteFideId "13601520"]
[BlackFideId "4153472"]
[WhiteElo "2748"]
[BlackElo "2469"]
[Result "1-0"]
[Round "05"]
[TimeControl "180+1"]
[Date "2021.05.25"]
[WhiteClock "0:00:52"]
[BlackClock "0:00:01"]

1. e4 c6 2. c4 e5 3. Nc3 d6 4. f4 Nd7 5. Nf3 g6 6. d4 Bg7 7. fxe5 dxe5 8. d5 Ngf6 9. Bd3 O-O 10. O-O cxd5 11. cxd5 Ne8 12. Be3 Nd6 13. Nb5 Nf6 14. Nxd6 Qxd6 15. Rc1 Re8 16. Kh1 Bd7 17. Nd2 b5 18. Qf3 Rac8 19. Rxc8 Rxc8 20. Bg5 Nh5 21. Qxf7+ Kh8 22. Be7 Qb6 23. Bb4 Bg4 24. d6 Nf4 25. d7 Rd8 26. Qe8+ Bf8 27. Bxf8 Bxd7 28. Qxe5+ 1-0


[Site "https://www.chess.com"]

[Event "Titled Tuesday Blitz May 25 2021"]
[White "Kapitanchuk, Tomas"]
[Black "Araujo Sanchez, Josue"]
[WhiteFideId "135046"]
[BlackFideId "6416896"]
[WhiteElo "1955"]
[BlackElo "2140"]
[Result "0-1"]
[Round "05"]
[TimeControl "180+1"]
[Date "2021.05.25"]
[WhiteClock "0:00:15"]
[BlackClock "0:00:17"]

1. e4 c6 2. d4 d5 3. exd5 cxd5 4. Bd3 Nf6 5. Bf4 Nc6 6. c3 Bg4 7. Qb3 Qc8 8. Nd2 e6 9. Ne2 Be7 10. Ng3 O-O 11. h3 Bh5 12. Nxh5 Nxh5 13. Bh2 Bd8 14. Qd1 g6 15. O-O Bc7 16. Bxc7 Qxc7 17. Nf3 Rab8 18. Re1 b5 19. Ne5 Nxe5 20. Rxe5 Nf6 21. h4 b4 22. Re3 bxc3 23. bxc3 Rb2 24. Rg3 Qf4 25. Qf3 Qxf3 26. Rxf3 Kg7 27. a4 Rfb8 28. Bb5 Rc8 29. Rc1 Ne4 30. c4 Rd2 31. c5 Rxd4 32. c6 Rc7 33. Rb3 Nd6 34. g3 Kf6 35. Kg2 Rd2 36. Ba6 Ke7 37. Rb7 Ne8 38. Rcb1 Rc2 39. Bb5 a6 40. Bxa6 Rxc6 41. R1b6 Rxb6 42. Rxb6 Nd6 43. Bd3 Rc3 44. Be2 Ra3 45. Rb4 Ra2 46. Bd3 e5 47. Kf1 e4 48. Be2 f5 49. h5 Ke6 50. h6 Nf7 51. Rb6+ Ke5 52. Rb7 Nxh6 53. Rxh7 Ng4 54. Bxg4 fxg4 55. Rg7 Rxa4 56. Rxg6 Kf5 57. Rg8 Ra1+ 58. Ke2 Ra2+ 59. Ke3 Ra3+ 60. Kd4 Rd3+ 61. Kc5 Rd2 62. Rd8 Rxf2 63. Rf8+ Ke5 64. Rxf2 e3 65. Re2 Ke4 66. Re1 d4 67. Kc4 d3 68. Kc3 d2 69. Rd1 Kf3 70. Kd3 Kf2 71. Rxd2+ exd2 72. Kxd2 Kxg3 73. Ke1 Kh2 74. Kf1 g3 75. Ke2 g2 76. Kf3 g1=Q 77. Ke2 Qg2+ 78. Ke3 Qg6 79. Kf4 Kh3 80. Ke5 Kh4 81. Kd4 Kg4 82. Kc5 Qf5+ 83. Kd4 Kf4 84. Kc3 Qd5 85. Kb4 Ke4 86. Kc3 Qc6+ 87. Kb4 Kd4 88. Kb3 Qb5+ 89. Ka2 Kc3 90. Ka1 Qb2# 0-1


[Site "https://www.chess.com"]

[Event "Titled Tuesday Blitz May 25 2021"]
[White "Khanin, Semen"]
[Black "Do Valle Cardoso, Lucas"]
[WhiteFideId "4111990"]
[BlackFideId "2163144"]
[WhiteElo "2767"]
[BlackElo "2564"]
[Result "1-0"]
[Round "05"]
[TimeControl "180+1"]
[Date "2021.05.25"]
[WhiteClock "0:02:10"]
[BlackClock "0:01:22"]

1. e4 e5 2. Nf3 Nc6 3. Bc4 Nf6 4. d3 Bc5 5. c3 d6 6. h3 a6 7. Bb3 Ba7 8. Nbd2 h6 9. Nf1 O-O 10. Ng3 Re8 11. O-O Be6 12. Bc2 d5 13. exd5 Nxd5 14. Re1 Qf6 15. d4 exd4 16. Nh5 Qd8 17. Bxh6 g6 18. Ng7 dxc3 19. Nxe8 cxb2 20. Ng7 bxa1=Q 21. Qxa1 Qf6 22. Qxf6 Nxf6 23. Nxe6 fxe6 24. Rxe6 Kf7 25. Ng5+ 1-0


[Site "https://www.chess.com"]

[Event "Titled Tuesday Blitz May 25 2021"]
[White "Kretov, Evgenij"]
[Black "Dobrov, Vladimir"]
[WhiteFideId "4167821"]
[BlackFideId "4136594"]
[WhiteElo "2381"]
[BlackElo "2614"]
[Result "1/2-1/2"]
[Round "05"]
[TimeControl "180+1"]
[Date "2021.05.25"]
[WhiteClock "0:00:28"]
[BlackClock "0:00:09"]

1. d4 Nf6 2. c4 e6 3. Nc3 Bb4 4. Bg5 c5 5. d5 exd5 6. cxd5 d6 7. e3 O-O 8. Bd3 Nbd7 9. Ne2 Re8 10. O-O Ne5 11. Ne4 Nxd3 12. Qxd3 Bf5 13. N2g3 Bxe4 14. Nxe4 Rxe4 15. Bxf6 Qe8 16. Bg5 c4 17. Qd1 Bc5 18. Kh1 Qe5 19. Bf4 Qf6 20. Qc2 Rae8 21. Bg3 h5 22. h3 b5 23. a3 a5 24. Rab1 a4 25. Rbe1 h4 26. Bh2 Qg6 27. Qe2 Qf5 28. Qf3 Qxd5 29. Rd1 Qe6 30. Rd2 d5 31. Rfd1 d4 32. exd4 Re1+ 33. Bg1 Bd6 34. d5 Qe5 35. Rxe1 Qxe1 36. Rd1 Qe2 37. Bh2 Qxf3 38. gxf3 Rd8 39. Bxd6 Rxd6 40. Kg2 f5 41. f4 Kf7 42. Kf3 Rd8 43. Ke3 Re8+ 44. Kd4 Re2 45. d6 Ke6 46. Kc5 Kd7 47. Kxb5 Rxb2+ 48. Kxc4 Rxf2 49. Rd4 Re2 50. Kd5 Re6 51. Kc5 Re3 52. Rxa4 Rc3+ 53. Kd4 Rxh3 54. Ke5 Re3+ 55. Kxf5 Kxd6 56. Kg4 h3 57. Ra8 h2 58. Rh8 Rxa3 59. Rxh2 Ke6 60. Rb2 Ra7 1/2-1/2


[Site "https://www.chess.com"]

[Event "Titled Tuesday Blitz May 25 2021"]
[White "Krivonosov, Oleg"]
[Black "Seul, Georg"]
[WhiteFideId "11600349"]
[BlackFideId "4601653"]
[WhiteElo "2469"]
[BlackElo "2332"]
[Result "1/2-1/2"]
[Round "05"]
[TimeControl "180+1"]
[Date "2021.05.25"]
[WhiteClock "0:01:18"]
[BlackClock "0:00:31"]

1. Nf3 Nf6 2. c4 e6 3. g3 a6 4. Bg2 b5 5. b3 Bb7 6. O-O c5 7. Nc3 Qb6 8. e3 Be7 9. Qe2 Ne4 10. Nxe4 Bxe4 11. d3 Bb7 12. Bb2 O-O 13. d4 d6 14. dxc5 dxc5 15. Rfd1 Nc6 16. Ne5 Nxe5 17. Bxe5 Bxg2 18. Kxg2 Rfd8 19. Rac1 Rxd1 20. Rxd1 Rd8 21. Rxd8+ Qxd8 22. Bc3 b4 23. Bb2 Bf6 24. Bxf6 Qxf6 25. Qf3 Qxf3+ 26. Kxf3 f6 27. Ke4 Kf7 28. f4 Ke7 29. f5 Kd6 30. g4 Ke7 31. Kf4 Kd6 32. e4 e5+ 33. Kg3 Ke7 34. Kh4 Kf7 35. Kh5 Kf8 36. g5 Kg8 37. h4 Kh8 38. Kg4 Kg8 39. h5 h6 40. g6 Kf8 41. Kf3 1/2-1/2


[Site "https://www.chess.com"]

[Event "Titled Tuesday Blitz May 25 2021"]
[White "Lazavik, Denis"]
[Black "Bodnaruk, Anastasia"]
[WhiteFideId "13515110"]
[BlackFideId "4181751"]
[WhiteElo "2834"]
[BlackElo "2606"]
[Result "0-1"]
[Round "05"]
[TimeControl "180+1"]
[Date "2021.05.25"]
[WhiteClock "0:00:09"]
[BlackClock "0:00:04"]

1. d4 Nf6 2. c4 g6 3. g3 Bg7 4. Bg2 O-O 5. Nc3 d6 6. Nf3 Nc6 7. O-O a6 8. h3 Rb8 9. e4 b5 10. d5 Na5 11. cxb5 axb5 12. b4 Nc4 13. Nd4 Bd7 14. a4 bxa4 15. b5 e6 16. Qd3 Nb6 17. Be3 exd5 18. exd5 Re8 19. Nc6 Bxc6 20. dxc6 d5 21. Bxb6 Rxb6 22. Nxa4 Rb8 23. Rac1 Ra8 24. Nc5 Qe7 25. Na6 Qd6 26. Rfe1 Re6 27. Red1 Re5 28. f4 Re7 29. Bxd5 Nxd5 30. Qxd5 Re1+ 31. Kf2 Qxd5 32. Rxd5 Rxc1 33. Nxc7 Ra2+ 34. Ke3 Rc3+ 35. Rd3 Rcc2 36. Ke4 Rab2 37. Kd5 Bf8 38. Re3 Rc5+ 39. Kd4 Rc1 40. Re8 Kg7 41. Kd5 Rd2+ 42. Ke4 Bc5 43. Nd5 Re1+ 44. Kf3 Rxe8 45. Nc3 Rd3+ 46. Kg4 Rxc3 47. c7 Bb6 48. c8=Q Rexc8 49. h4 f5+ 50. Kh3 h5 51. Kg2 Rc2+ 52. Kh3 Bf2 53. Kg2 Bxg3+ 54. Kh3 Bxh4 55. Kxh4 R8c3 56. Kg5 Rg2+ 57. Kh4 Rg4# 0-1


[Site "https://www.chess.com"]

[Event "Titled Tuesday Blitz May 25 2021"]
[White "Maghsoodloo, Parham"]
[Black "Gelman, Alexander"]
[WhiteFideId "12539929"]
[BlackFideId "4118316"]
[WhiteElo "2870"]
[BlackElo "2597"]
[Result "1-0"]
[Round "05"]
[TimeControl "180+1"]
[Date "2021.05.25"]
[WhiteClock "0:00:50"]
[BlackClock "0:00:07"]

1. e4 c5 2. Nc3 e6 3. Nf3 a6 4. d4 cxd4 5. Nxd4 d6 6. g3 Nf6 7. Bg2 Bd7 8. O-O Nc6 9. a4 Be7 10. b3 O-O 11. Bb2 Rc8 12. Nde2 Ne5 13. h3 Qc7 14. f4 Ng6 15. Rc1 b5 16. axb5 axb5 17. Qd3 b4 18. Nd1 Rfd8 19. Nf2 Qb8 20. Rfd1 Bb5 21. Qf3 Bc6 22. Qe3 Ba8 23. Kh2 h6 24. Bf3 e5 25. f5 Nf8 26. Nd3 N8d7 27. Nf2 Nc5 28. Rd2 d5 29. exd5 Nxd5 30. Bxd5 Rxd5 31. Rxd5 Bxd5 32. Bxe5 Qb6 33. Nf4 Ba8 34. Bxg7 Bg5 35. Bd4 Qc6 36. Rg1 Ne4 37. h4 Nxf2 38. Qxf2 Bf6 39. Bxf6 Qxf6 40. Nh5 Qe5 41. Re1 Qd5 42. Nf6+ 1-0


[Site "https://www.chess.com"]

[Event "Titled Tuesday Blitz May 25 2021"]
[White "Maksimenko, Viktor"]
[Black "Asis Gargatagli, Hipolito"]
[WhiteFideId "13710478"]
[BlackFideId "2260735"]
[WhiteElo "2571"]
[BlackElo "2803"]
[Result "0-1"]
[Round "05"]
[TimeControl "180+1"]
[Date "2021.05.25"]
[WhiteClock "0:00:03"]
[BlackClock "0:00:43"]

1. d4 Nf6 2. c4 e6 3. Nf3 d5 4. g3 Bb4+ 5. Bd2 Be7 6. Bg2 O-O 7. O-O Nbd7 8. Qb3 c6 9. Bb4 c5 10. dxc5 Nxc5 11. Qa3 b6 12. Nc3 Bb7 13. cxd5 a5 14. Bxc5 Bxc5 15. Qb3 Nxd5 16. Rfd1 Qe7 17. Na4 Ba6 18. Nxc5 bxc5 19. e3 Rab8 20. Qc2 Qf6 21. Rab1 Rfc8 22. a3 h6 23. Nd2 c4 24. Ne4 Qg6 25. Qd2 a4 26. Nc3 Nxc3 27. Qxc3 Rb3 28. Qa5 Bb5 29. Rd8+ Kh7 30. Rbd1 Rxd8 31. Qxd8 Rxb2 32. Qd4 Rb1 33. Be4 Rxd1+ 34. Kg2 Rxd4 35. Bxg6+ Kxg6 0-1


[Site "https://www.chess.com"]

[Event "Titled Tuesday Blitz May 25 2021"]
[White "Maksimovic, Bojan"]
[Black "Tabatabaei, M. Amin"]
[WhiteFideId "14408120"]
[BlackFideId "12521213"]
[WhiteElo "2437"]
[BlackElo "2555"]
[Result "0-1"]
[Round "05"]
[TimeControl "180+1"]
[Date "2021.05.25"]
[WhiteClock "0:00:03"]
[BlackClock "0:00:06"]

1. g3 f5 2. Bg2 Nf6 3. d4 g6 4. Nf3 Bg7 5. O-O O-O 6. c4 d6 7. Nc3 c6 8. b4 Qc7 9. Bb2 e5 10. c5 e4 11. cxd6 Qxd6 12. Ne5 Be6 13. b5 c5 14. Na4 cxd4 15. Qxd4 Qxd4 16. Bxd4 Ng4 17. Nxg4 Bxd4 18. Rad1 Bg7 19. Ne3 Nd7 20. f3 Bh6 21. Nd5 Bxd5 22. Rxd5 Nf6 23. Rd6 Rad8 24. Rxd8 Rxd8 25. fxe4 Be3+ 26. Kh1 Nxe4 27. Bxe4 fxe4 28. Nc3 Rd2 29. Rd1 Rxd1+ 30. Nxd1 Bd4 31. e3 Bb6 32. Nf2 Kf7 33. Nxe4 Ke6 34. Kg2 Bxe3 35. Kf3 Bb6 36. h4 h6 37. a4 Ke5 38. Nc3 Kd4 39. Ne2+ Kc4 40. Nf4 g5 41. hxg5 hxg5 42. Ne6 Kb4 43. Nxg5 Kxa4 44. Ne6 Kxb5 45. g4 Ba5 46. g5 Bc3 47. g6 a5 48. Ke4 Kc4 49. g7 Bxg7 50. Nxg7 a4 51. Nf5 a3 52. Ne3+ Kb3 53. Kd3 a2 54. Nc2 Kb2 55. Kd2 b5 56. Kd3 b4 57. Nxb4 a1=Q 58. Nd5 Qd1+ 59. Kc4 Qa4+ 60. Kc5 Qa8 61. Nb6 Qh8 62. Kb5 Kb3 63. Kc6 Qh5 64. Nd5 Qh6+ 65. Kc5 Qh5 66. Kd4 Qg4+ 67. Ke5 Qg5+ 68. Kd4 Qd8 69. Ke5 Kc4 70. Ne3+ Kc5 71. Nf5 Qe8+ 72. Kf4 Kd5 73. Ne3+ Kd4 74. Nf5+ Kd3 75. Nd6 Qf8+ 76. Ke5 Qg8 77. Nf5 Kc4 78. Ne7 Qg5+ 79. Nf5 Kc5 80. Ke4 Qf6 81. Ne3 Qe6+ 82. Kd3 Qe5 83. Nc2 Qf5+ 84. Kc3 Qf3+ 85. Kd2 Kc4 86. Ne3+ Kd4 87. Nc2+ Ke4 88. Nb4 Qb3 89. Nc2 Qb2 90. Kd1 Kd3 91. Ne1+ Kc3 92. Nf3 Qf2 0-1


[Site "https://www.chess.com"]

[Event "Titled Tuesday Blitz May 25 2021"]
[White "Martin Carmona, Gaston Manuel"]
[Black "Gahan, M G"]
[WhiteFideId "22284567"]
[BlackFideId "5027373"]
[WhiteElo "2144"]
[BlackElo "2264"]
[Result "1-0"]
[Round "05"]
[TimeControl "180+1"]
[Date "2021.05.25"]
[WhiteClock "0:00:19"]
[BlackClock "0:01:39"]

1. e4 c5 2. Nf3 d6 3. d4 cxd4 4. Nxd4 Nf6 5. Nc3 a6 6. Be2 e5 7. Nb3 Be7 8. O-O O-O 9. Re1 Qc7 10. Bf1 Re8 11. Bg5 Be6 12. Bxf6 Bxf6 13. Nd5 Bxd5 14. Qxd5 Nc6 15. c3 Ne7 16. Qd3 Rad8 17. Rad1 d5 18. exd5 Rxd5 19. Qe4 Red8 20. Bd3 g6 21. Bc2 Rxd1 22. Rxd1 Rxd1+ 23. Bxd1 Bg7 24. Be2 b5 25. Qa8+ Qc8 26. Qxc8+ Nxc8 27. Nc5 Nb6 28. Nxa6 Na4 29. Bxb5 Nxb2 30. c4 e4 31. c5 Be5 32. c6 Nd3 33. c7 Bxc7 34. Nxc7 Nc5 35. a4 Nb7 36. Nd5 f5 37. Ne7+ Kf7 38. Nc6 Ke6 39. a5 Nd6 40. Be2 Kd7 41. Nd4 Kc7 42. Nb5+ Nxb5 43. Bxb5 Kb7 44. a6+ Kb6 45. Bc4 g5 46. Kf1 h6 47. Ke2 f4 48. Kd2 h5 49. Kc3 g4 50. Kd4 f3 51. g3 1-0


[Site "https://www.chess.com"]

[Event "Titled Tuesday Blitz May 25 2021"]
[White "Martinez Alcantara, Jose Eduardo"]
[Black "Perez Gormaz, Matias"]
[WhiteFideId "3805662"]
[BlackFideId "3406342"]
[WhiteElo "2690"]
[BlackElo "2414"]
[Result "1-0"]
[Round "05"]
[TimeControl "180+1"]
[Date "2021.05.25"]
[WhiteClock "0:00:20"]
[BlackClock "0:00:08"]

1. e4 c5 2. Nf3 d6 3. c3 Nf6 4. h3 g6 5. Bd3 Bg7 6. Bc2 O-O 7. d4 cxd4 8. cxd4 Nc6 9. O-O e5 10. d5 Nb4 11. Nc3 Nxc2 12. Qxc2 Bd7 13. a4 a6 14. a5 b6 15. axb6 Qxb6 16. Be3 Qb7 17. Nd2 Rfc8 18. b3 Rab8 19. Rfc1 Nh5 20. Nc4 Bf8 21. Nb6 Rc7 22. Qd2 Be8 23. Nca4 Nf4 24. Kh2 Bb5 25. Rxc7 Qxc7 26. Rc1 Qd8 27. Nc4 Nh5 28. Na5 Rc8 29. Nc6 Bxc6 30. dxc6 Nf6 31. Bg5 Nxe4 32. Bxd8 Nxd2 33. c7 Nxb3 34. Nb6 Nxc1 35. Nxc8 1-0


[Site "https://www.chess.com"]

[Event "Titled Tuesday Blitz May 25 2021"]
[White "Matinian, Nikita"]
[Black "Perez, Maximiliano"]
[WhiteFideId "24129100"]
[BlackFideId "117234"]
[WhiteElo "2410"]
[BlackElo "2368"]
[Result "0-1"]
[Round "05"]
[TimeControl "180+1"]
[Date "2021.05.25"]
[WhiteClock "0:00:03"]
[BlackClock "0:00:19"]

1. e4 c5 2. Nf3 d6 3. d4 cxd4 4. Nxd4 Nf6 5. Nc3 a6 6. Bg5 e6 7. f4 Nbd7 8. Qf3 h6 9. Bh4 e5 10. Nf5 exf4 11. O-O-O g5 12. Bf2 Ne5 13. Qe2 Bxf5 14. exf5 Qa5 15. h4 Rg8 16. hxg5 hxg5 17. Bd4 O-O-O 18. Bxe5 dxe5 19. Qc4+ Qc7 20. Rxd8+ Kxd8 21. Qb3 Bc5 22. Bc4 Ke8 23. Rd1 Bd4 24. Ne2 b5 25. Nxd4 Qxc4 26. Qxc4 bxc4 27. Nc6 Nd7 28. Rd5 f6 29. Rd6 g4 30. Kd2 Nc5 31. b4 Ne4+ 0-1


[Site "https://www.chess.com"]

[Event "Titled Tuesday Blitz May 25 2021"]
[White "Mikhalevski, Victor"]
[Black "Seletsky, Grigory"]
[WhiteFideId "2801914"]
[BlackFideId "14112191"]
[WhiteElo "2567"]
[BlackElo "2492"]
[Result "1-0"]
[Round "05"]
[TimeControl "180+1"]
[Date "2021.05.25"]
[WhiteClock "0:01:52"]
[BlackClock "0:01:54"]

1. Nf3 d5 2. g3 c6 3. Bg2 Bg4 4. O-O Nd7 5. h3 Bxf3 6. Bxf3 Ngf6 7. d4 e6 8. Nd2 Be7 9. e4 O-O 10. c4 dxe4 11. Nxe4 Nxe4 12. Bxe4 Bf6 13. Bf4 Qa5 14. Bd6 Rfd8 15. b4 Qa6 16. Bd3 Qa3 17. Qf3 Nf8 18. Bxh7+ 1-0


[Site "https://www.chess.com"]

[Event "Titled Tuesday Blitz May 25 2021"]
[White "Mikhalsky, Vladimir"]
[Black "Zakhartsov, Vladimir"]
[WhiteFideId "14144352"]
[BlackFideId "4145097"]
[WhiteElo "2280"]
[BlackElo "2462"]
[Result "0-1"]
[Round "05"]
[TimeControl "180+1"]
[Date "2021.05.25"]
[WhiteClock "0:00:01"]
[BlackClock "0:00:06"]

1. c4 e5 2. Nc3 Nf6 3. g3 Bb4 4. Bg2 O-O 5. e4 Nc6 6. Nge2 d6 7. h3 Bc5 8. O-O a6 9. d3 Be6 10. Kh2 Nd7 11. g4 f6 12. f4 Nd4 13. f5 Bf7 14. Ng3 b5 15. b3 c6 16. h4 Re8 17. g5 Kf8 18. g6 hxg6 19. fxg6 Bxg6 20. Qg4 Bf7 21. h5 Ke7 22. Be3 Rg8 23. Bxd4 exd4 24. Nf5+ Kf8 25. Ne2 Ne5 26. Qg3 Bxh5 27. Nexd4 Bf7 28. Bh3 g6 29. Qh4 Bxd4 30. Nxd4 Kg7 31. Rg1 Rh8 32. Nf5+ Kg8 33. Qg3 Kf8 34. d4 gxf5 35. dxe5 dxe5 36. Rad1 Qc7 37. exf5 Ke7 38. Qe3 c5 39. cxb5 axb5 40. Qe2 Rh4 41. Rg7 Rah8 42. Rg3 c4 43. Qe3 e4 44. bxc4 Rxh3+ 45. Kg2 Qxg3+ 46. Qxg3 Rxg3+ 47. Kxg3 Bxc4 48. Rd4 Bd3 49. Rb4 Ra8 50. Kf4 Rxa2 51. Rd4 Ra4 52. Rd5 b4 53. Rc5 b3 54. Rc7+ Kd6 55. Rb7 Bc2 56. Ke3 Kc5 57. Rc7+ Kb6 58. Rf7 b2 59. Rxf6+ Kc5 0-1


[Site "https://www.chess.com"]

[Event "Titled Tuesday Blitz May 25 2021"]
[White "Milanovic, Vojislav"]
[Black "Piesik, Piotr"]
[WhiteFideId "905046"]
[BlackFideId "1136194"]
[WhiteElo "2361"]
[BlackElo "2369"]
[Result "0-1"]
[Round "05"]
[TimeControl "180+1"]
[Date "2021.05.25"]
[WhiteClock "0:00:00"]
[BlackClock "0:00:43"]

1. e4 g6 2. d4 Bg7 3. Nc3 c6 4. Nf3 d6 5. h3 Nf6 6. a4 O-O 7. Be3 Nbd7 8. Qd2 Qc7 9. Bc4 b6 10. Bb3 a6 11. O-O Bb7 12. Rfe1 b5 13. axb5 axb5 14. Rxa8 Bxa8 15. Bh6 e5 16. Bxg7 Kxg7 17. dxe5 dxe5 18. Qe3 Bb7 19. Nh4 h6 20. Rd1 Qb6 21. Qg3 Nh5 22. Nf5+ Kh7 23. Qh4 Ndf6 24. Nd6 Kg7 25. Nf5+ gxf5 26. g4 fxg4 27. hxg4 Nf4 28. Rd6 Ng8 29. Nd5 Qc5 30. Ne3 Bc8 31. Rd2 Qe7 32. Qg3 Rd8 0-1


[Site "https://www.chess.com"]

[Event "Titled Tuesday Blitz May 25 2021"]
[White "Molina, Roberto Junio Brito"]
[Black "Vega Gutierrez, Sabrina"]
[WhiteFideId "2109450"]
[BlackFideId "2219026"]
[WhiteElo "2402"]
[BlackElo "2281"]
[Result "1-0"]
[Round "05"]
[TimeControl "180+1"]
[Date "2021.05.25"]
[WhiteClock "0:00:38"]
[BlackClock "0:01:03"]

1. d4 d5 2. c4 e6 3. Nc3 c6 4. e3 f5 5. Nf3 Nf6 6. Qc2 Bd6 7. b3 O-O 8. Bb2 b6 9. g3 Bb7 10. Bg2 Nbd7 11. O-O Ne4 12. Rad1 Qf6 13. Ne1 Qh6 14. Nd3 Rac8 15. Qc1 c5 16. dxc5 Ndxc5 17. Nxc5 Bxc5 18. Nxe4 fxe4 19. cxd5 Rxf2 20. Rxf2 Bxe3 21. Qb1 Bxf2+ 22. Kxf2 Qxh2 23. Qxe4 Bxd5 24. Rxd5 exd5 25. Qe6+ 1-0


[Site "https://www.chess.com"]

[Event "Titled Tuesday Blitz May 25 2021"]
[White "Morefield, Jason"]
[Black "Noboa Silva, Kevin"]
[WhiteFideId "30920825"]
[BlackFideId "3618471"]
[WhiteElo "2171"]
[BlackElo "2161"]
[Result "0-1"]
[Round "05"]
[TimeControl "180+1"]
[Date "2021.05.25"]
[WhiteClock "0:00:01"]
[BlackClock "0:00:12"]

1. d4 Nf6 2. c4 e6 3. Nf3 Bb4+ 4. Bd2 a5 5. g3 b6 6. Bg2 Bb7 7. O-O O-O 8. a3 Bxd2 9. Qxd2 d6 10. Nc3 Nbd7 11. Rfe1 a4 12. Qc2 e5 13. dxe5 dxe5 14. Rad1 Qe7 15. Nxa4 Be4 16. Qb3 Rfe8 17. Nc3 Nc5 18. Qa2 Bc2 19. Rc1 Bb3 20. Qb1 Bxc4 21. Nd2 Be6 22. b4 Ncd7 23. Nb5 Rac8 24. Nxc7 Red8 25. Nxe6 Qxe6 26. Rxc8 Rxc8 27. Rc1 Rxc1+ 28. Qxc1 h5 29. Qc4 Qd6 30. Qc2 Qd4 31. Nb3 Qd6 32. e3 Qe6 33. Nd2 Qd6 34. Bf1 h4 35. Qd3 Qe6 36. Qc4 Qf5 37. Qxh4 Qc2 38. Qc4 Qxd2 39. a4 Qb2 40. Be2 Qa1+ 41. Kg2 Qxa4 42. Qc8+ Nf8 43. Bc4 Qd7 0-1


[Site "https://www.chess.com"]

[Event "Titled Tuesday Blitz May 25 2021"]
[White "Navalgund, Niranjan"]
[Black "Trimitzios, Petros"]
[WhiteFideId "5030854"]
[BlackFideId "25808796"]
[WhiteElo "2290"]
[BlackElo "2049"]
[Result "0-1"]
[Round "05"]
[TimeControl "180+1"]
[Date "2021.05.25"]
[WhiteClock "0:00:26"]
[BlackClock "0:01:09"]

1. b3 a5 2. a3 g6 3. Bb2 Nf6 4. e4 d6 5. d3 a4 6. Nd2 Bg7 7. Ngf3 O-O 8. Ra2 axb3 9. cxb3 Nbd7 10. Be2 b6 11. O-O Re8 12. Qa1 e5 13. Rc1 Ba6 14. b4 c5 15. Bf1 Nh5 16. g3 Nf8 17. Nc4 Ne6 18. Ne3 Nd4 19. Nxd4 exd4 20. Nd5 Nf6 21. Nxf6+ Qxf6 22. Qb1 Qe6 23. Ra1 f5 24. exf5 Qxf5 25. Bg2 Bxd3 26. Qa2+ Kh8 27. Bxa8 Rxa8 28. Re1 Rf8 29. Bc1 Be4 30. Bf4 d5 31. bxc5 bxc5 32. Rac1 c4 33. h4 h6 34. a4 g5 35. hxg5 hxg5 36. Bd6 Rf6 37. Rxe4 Qxe4 38. Bb4 Rh6 39. f3 Qe3+ 40. Kg2 Qxc1 0-1


[Site "https://www.chess.com"]